 Seeded DCSS version 0.28.0-53-g5a82cb258f (webtiles) character file.

Game seed: 4266793832307495423 (custom seed)

199044 Kranky the Slayer (level 17, -11/185 HPs)
             Began as a Minotaur Fighter on July 2, 2022.
             Was the Champion of Qazlal.
             Killed from afar by a merfolk aquamancer (40 damage)
             ... with a torrent of water
             ... on level 4 of the Shoals.
             The game lasted 01:50:22 (44947 turns).

Kranky the Slayer (Minotaur Fighter)               Turns: 44947, Time: 01:50:23

Health: -11/185    AC: 26    Str: 30    XL:     17   Next: 83%
Magic:  7/7        EV: 16    Int:  7    God:    Qazlal [******]
Gold:   1570       SH: 20    Dex: 20    Spells: 16/16 levels left

rFire   . . .      SeeInvis .   P - +10 spear "Ciwevemp" {antimagic, rElec Dex+4}
rCold   + . .      Faith    .   n - +0 kite shield
rNeg    + . .      Spirit   .   j - +7 Kryia's mail coat {PotionHeal*2 rC+}
rPois   +          Reflect  .   (helmet restricted)
rElec   +          Harm     .   A - +2 cloak of Parlour Games {Str+5 Dex+4}
rCorr   .          Rampage  .   F - +0 pair of gloves of Lust {rPois rN+ Int+2 Stlth+}
Will    +++..                   (no boots)
Stlth   +.........              Z - amulet of regeneration
HPRegen 1.20/turn               u - ring "Fisiugic" {*Corrode +Blink rElec Will+ Str-2}
MPRegen 0.10/turn               a - ring of willpower

@: engulfed (cannot breathe), protected from physical damage, studying
Crossbows, repel missiles
A: horns 2, retaliatory headbutt
}: 1/15 runes: gossamer
a: Renounce Religion, Evoke Blink, Upheaval, Elemental Force, Disaster Area


You were on level 4 of the Shoals.
You worshipped Qazlal.
Qazlal was exalted by your worship.
You visited 6 branches of the dungeon, and saw 31 of its levels.
You also visited: Ossuary and Ice Cave.

You collected 2726 gold pieces.
You spent 1156 gold pieces at shops.

Inventory:

Hand Weapons
 w - a +3 demon trident of venom
 P - the +10 spear "Ciwevemp" (weapon) {antimagic, rElec Dex+4}
   (You took it off a spriggan on level 5 of the Lair of Beasts)

   It reduces the magical energy of the wielder, and disrupts the spells and
   magical abilities of those it strikes.
   Natural abilities and divine invocations are not affected.
   Dex:       It affects your dexterity (+4).
   rElec:     It insulates you from electricity.
 S - the +9 scimitar of the Imperium {vorpal, rElec rN+ Str+2 Dex-4}
   (You found it in an ice cave)

   It inflicts extra damage upon your enemies.
   Str:       It affects your strength (+2).
   Dex:       It affects your dexterity (-4).
   rElec:     It insulates you from electricity.
   rN:        It protects you from negative energy.
Missiles
 C - 35 poisoned darts (quivered)
 I - 7 throwing nets
 X - 10 javelins
Armour
 j - the +7 Kryia's mail coat (worn) {PotionHeal*2 rC+}
   (You found it on level 2 of the Dungeon)

   Potions are twice as effective at healing its wearer.
   rC:        It protects you from cold.
 n - a +0 kite shield (worn)
 p - the +1 cloak of Love and Death {rElec}
   (You found it on level 3 of the Lair of Beasts)

   rElec:     It insulates you from electricity.
 A - the +2 cloak of Parlour Games (worn) {Str+5 Dex+4}
   (You found it on level 2 of the Shoals)

   Str:       It affects your strength (+5).
   Dex:       It affects your dexterity (+4).
 F - the +0 pair of gloves of Lust (worn) {rPois rN+ Int+2 Stlth+}
   (You bought it in a shop on level 2 of the Shoals)

   Int:       It affects your intelligence (+2).
   rPois:     It protects you from poison.
   rN:        It protects you from negative energy.
   Stlth:     It makes you more stealthy.
Jewellery
 a - a ring of willpower (right hand)
 i - a ring of protection from cold
 u - the ring "Fisiugic" (left hand) {*Corrode +Blink rElec Will+ Str-2}
   (You found it on level 4 of the Spider Nest)

   [ring of willpower]

   Str:       It affects your strength (-2).
   rElec:     It insulates you from electricity.
   +Blink:    It lets you blink.
   *Corrode:  It may corrode you when you take damage.
   Will:      It increases your willpower.
 z - a ring of resist corrosion
 B - a ring of protection from cold
 L - a ring of see invisible
 M - a +6 ring of strength
 O - a ring of willpower
 U - a ring of poison resistance
 Z - an amulet of regeneration (around neck)
Wands
 f - a wand of acid (7)
 x - a wand of iceblast (13)
 G - a wand of polymorph (6)
 W - a wand of paralysis (7)
Scrolls
 h - 10 scrolls of teleportation
 r - 4 scrolls of fear
 v - 6 scrolls of fog
 y - 2 scrolls of magic mapping
 E - 2 scrolls of enchant armour
 H - 5 scrolls of blinking
 K - a scroll of torment {unknown}
 N - 2 scrolls of immolation
 Q - 5 scrolls of identify
 T - a scroll of silence
 V - 2 scrolls of holy word {unknown}
Potions
 b - 4 potions of cancellation
 d - 3 potions of might
 e - 3 potions of berserk rage
 g - 4 potions of brilliance
 k - 4 potions of ambrosia
 m - 5 potions of lignification
 o - 7 potions of magic
 q - 5 potions of curing
 s - 6 potions of haste
 t - a potion of experience
 D - 5 potions of invisibility
 J - a potion of flight
 Y - 4 potions of heal wounds
Miscellaneous
 c - a phantom mirror
 l - a condenser vane


   Skills:
 + Level 25.4 Fighting
 - Level 1.3 Short Blades
 - Level 12.0 Polearms
 - Level 3.5 Throwing
 - Level 19.2 Armour
 - Level 10.0 Dodging
 - Level 8.0 Shields
 - Level 10.0 Invocations
 - Level 6.0 Evocations


You had 16 spell levels left.
You didn't know any spells.
Your spell library contained the following spells:

 Spells                   Type           Power      Damage    Failure   Level
 Foxfire                  Conj/Fire      0%         2x1d4     87%         1
 Freeze                   Ice            0%         1d3       87%         1
 Pain                     Necr           0%         1d4       87%         1
 Sandblast                Erth           0%         2d4       87%         1
 Shock                    Conj/Air       0%         1d3       87%         1
 Sting                    Tmut/Pois      0%         1d3       87%         1
 Blink                    Tloc           0%         N/A       95%         2
 Ensorcelled Hibernation  Hex/Ice        0%         N/A       95%         2
 Passwall                 Tmut/Erth      0%         N/A       95%         2
 Poisonous Vapours        Pois/Air       0%         N/A       95%         2
 Scorch                   Fire           0%         2d5       95%         2
 Searing Ray              Conj           0%         2d4       95%         2
 Gell's Gravitas          Tloc           0%         N/A       99%         3
 Lesser Beckoning         Tloc           0%         N/A       99%         3
 Ozocubu's Armour         Ice            0%         N/A       99%         3
 Portal Projectile        Hex/Tloc       0%         N/A       99%         3
 Spider Form              Tmut/Pois      0%         N/A       99%         3
 Stone Arrow              Conj/Erth      0%         3d7       99%         3
 Teleport Other           Tloc           0%         N/A       99%         3
 Anguish                  Hex/Necr       0%         N/A       100%        4
 Flame Wave               Conj/Fire      0%         2d4       100%        4
 Olgreb's Toxic Radiance  Pois           0%         N/A       100%        4
 Summon Ice Beast         Ice/Summ       0%         N/A       100%        4
 Agony                    Necr           0%         N/A       100%        5
 Blade Hands              Tmut           0%         N/A       100%        5
 Excruciating Wounds      Necr           0%         N/A       100%        5
 Lee's Rapid Deconstruct  Erth           0%         3d5*      100%        5
 Manifold Assault         Tloc           0%         N/A       100%        5
 Metabolic Englaciation   Hex/Ice        0%         N/A       100%        5
 Summon Mana Viper        Hex/Summ       0%         N/A       100%        5
 Simulacrum               Ice/Necr       0%         N/A       100%        6
 Statue Form              Tmut/Erth      0%         N/A       100%        6
 Summon Cactus Giant      Summ           0%         N/A       100%        6
 Monstrous Menagerie      Summ           0%         N/A       100%        7


Dungeon Overview and Level Annotations

Branches:
Dungeon (14/15)            Temple (1/1) D:7            Lair (6/6) D:10
 Shoals (4/4) Lair:3       Spider (4/4) Lair:4        Slime (0/5) Lair:6
    Orc (2/2) D:11            Elf (0/3) Orc:2        Vaults (0/5) D:14
Ossuary (visited)           IceCv (visited)

Altars:
Ashenzari
Cheibriados
Dithmenos
Elyvilon
Fedhas
Gozag
Hepliaklqana
Kikubaaqudgha
Makhleb
Nemelex Xobeh
Okawaru
Qazlal
Ru
Sif Muna
Trog
Uskayaw
Vehumet
Wu Jian
Xom
Yredelemnul
Zin
The Shining One
Beogh
Jiyva

Shops:
D:2 ?   D:3 (   Orc:2 [*=?   Shoals:2 [   Shoals:3 :

Annotations:
D:9 2 transporters, exclusions: ice statue and oklob plant, SpoonFarmer's ghost, novice DrCj


Innate Abilities, Weirdness & Mutations

You have a pair of horns on your head.
You reflexively headbutt those who attack you in melee.


Message History

Unknown command.
You are too injured to fight recklessly!
Unknown command.
You hit the merfolk aquamancer.
The merfolk aquamancer's magic leaks into the air.
The merfolk aquamancer is lightly wounded.
* * * LOW HITPOINT WARNING * * *
Your lungs strain for air!
You block the merfolk's attack.
The merfolk is engulfed in freezing vapours.
You block the merfolk's attack.
You barely miss the merfolk aquamancer. You headbutt the merfolk aquamancer.
The merfolk aquamancer is moderately wounded.
* * * LOW HITPOINT WARNING * * *
Your lungs strain for air!
The merfolk aquamancer gestures at you while chanting.
The shard of ice is repelled.
You block the water elemental's attack. You block the merfolk's attack.
The water elemental hits you!
* * * LOW HITPOINT WARNING * * *
You block the merfolk's attack.
The merfolk is engulfed in freezing vapours.
The merfolk hits you but does no damage.
You puncture the merfolk aquamancer!
The merfolk aquamancer's magic leaks into the air.
You headbutt the merfolk aquamancer.
The merfolk aquamancer is heavily wounded.
* * * LOW HITPOINT WARNING * * *
Your lungs strain for air!
You block the merfolk aquamancer's attack.
The water elemental is struck by lightning.
You block the water elemental's attack.
The water elemental is struck by lightning.
The water elemental barely misses you. You block the merfolk's attack.
You completely miss the merfolk aquamancer.
The merfolk aquamancer is heavily wounded.
* * * LOW HITPOINT WARNING * * *
Your lungs strain for air!
The merfolk aquamancer gestures at you while chanting.
The torrent of water hits you!!!
You die...

......#...(..).......≈≈
....#.#....≈≈P#≈≈≈≈≈≈≈≈≈
..≈≈#....)..)≈#≈...≈≈≈≈≈≈
≈≈≈≈#P......#≈#......≈≈≈≈
≈≈≈≈.....≈..#)?......≈≈≈≈
≈≈≈≈≈#...≈≈##P≈......≈≈≈≈
≈≈≈≈#PPPP≈≈≈P≈○.....≈≈≈≈
≈≈≈≈≈≈PPP≈≈≈m≈§§.m..≈≈≈≈
≈≈≈≈≈≈≈≈≈≈≈≈@m)..≈≈≈≈
≈≈≈≈≈≈≈≈≈≈☼mEE≈≈≈≈≈≈≈
≈≈≈≈≈≈≈°≈m≈§≈≈≈≈≈≈
≈≈≈≈≈≈≈≈≈§≈§≈≈≈≈≈≈
≈≈≈≈≈≈≈≈≈≈≈≈≈≈≈≈≈≈
≈≈≈≈≈≈≈≈≈≈≈≈≈≈≈≈≈
≈≈≈≈≈≈≈≈≈≈≈≈≈≈≈≈≈
≈≈≈≈≈≈≈≈≈##≈≈≈≈≈
≈≈≈≈≈≈≈≈≈# ≈≈≈≈≈


You could see 2 merfolk aquamancers, 3 merfolk and 2 water elementals.

Vanquished Creatures
  Mara (Spider:1)
  Rupert (D:14)
  Frances (D:14)
  4 krakens
  Roxanne (Shoals:1)
  A fenstrider witch (Shoals:3)
  5 emperor scorpions
  5 ghost moths
  Aizul (Shoals:1)
  5 broodmothers
  3 entropy weavers (Spider:3)
  Nessos (Lair:5)
  2 spark wasps
  The ghost of slowmoth the Wallflower, a journeyman VSFi of Uskayaw (Lair:5)
  Azrael (Spider:1)
  3 merfolk javelineers
  Josephine (D:13)
  3 merfolk impalers
  Erolcha (D:10)
  2 ogre magi (Orc:2)
  A radroach (Spider:4)
  2 merfolk avatars (Shoals:4)
  4 catoblepae (Lair:6)
  2 centaur warriors (D:14)
  3 boulder beetles
  2 jorogumos (Spider:1)
  4 hydras
  An alligator snapping turtle (Lair:3)
  A death knight (D:11)
  19 death yaks
  2 ironbound frosthearts (IceCv)
  13 two-headed ogres
  A deep elf knight (D:14)
  3 spriggans (Lair:5)
  5 pharaoh ants
  Nergalle (Orc:2)
  11 orb spiders
  7 steelbarb worms
  2 deep trolls
  A sun moth (Spider:4)
  9 sea snakes
  A wizard (D:14)
  Pikel (D:7)
  A deep elf archer (D:14)
  13 harpies
  2 deep elf zephyrmancers (D:14)
  A lindwurm (Lair:6)
  17 wolf spiders
  2 orc knights
  A deep elf pyromancer (D:14)
  12 manticores
  4 fauns
  5 cyclopes
  3 moths of wrath
  3 merfolk sirens
  8 black mambas
  A water nymph (Shoals:3)
  An ice statue (IceCv)
  A gargoyle (D:12)
  18 cane toads
  3 unseen horrors
  6 demonic crawlers
  4 torpor snails
  A kobold demonologist (D:11)
  8 komodo dragons
  4 rime drakes
  An efreet (D:13)
  13 trolls
  15 merfolk
  4 meliai
  5 hornets
  10 polar bears
  Grinder (D:3)
  4 wind drakes
  28 tarantellas
  7 dream sheep
  4 blink frogs (Lair:5)
  6 snapping turtles
  14 slime creatures
  34 jumping spiders
  9 water elementals
  A culicivora (shapeshifter) (D:14)
  14 culicivoras
  54 yaks
  A vampire (D:14)
  A shadow (D:11)
  4 basilisks
  Grum (Lair:1)
  A steam dragon (D:6)
  4 fire elementals (Spider:1)
  5 wraiths
  54 redbacks
  14 vampire mosquitoes
  2 wargs
  8 water moccasins
  Duvessa (D:7)
  An acid dragon (D:10)
  11 orc warriors
  2 ice beasts (D:7)
  A sky beast (D:7)
  3 black bears
  2 necrophages
  26 ogres
  4 boggarts
  56 wolves
  5 centaurs
  3 lemures (D:7)
  Blork the orc (D:6)
  A kobold brigand (D:6)
  12 bullfrogs
  A gnoll sergeant (D:5)
  2 scorpions
  A wyvern zombie (D:9)
  5 killer bees (D:9)
  Dowan (D:7)
  3 water moccasin skeletons
  5 wights (D:9)
  3 howler monkeys (D:11)
  An electric eel (Lair:5)
  6 centaur zombies
  2 bullfrog skeletons (D:5)
  3 hounds
  A gnoll shaman (D:9)
  12 orc priests
  2 centaur skeletons (D:7)
  2 jellies (D:6)
  An iguana (D:7)
  18 orc wizards
  A hound skeleton (D:5)
  A howler monkey zombie (D:8)
  4 mummies (Ossuary)
  Robin (D:1)
  15 gnolls
  2 adders
  14 white imps
  2 worms
  2 dart slugs
  39 orcs
  3 bats (D:3)
  4 endoplasms
  3 giant cockroaches
  A gnoll zombie (Ossuary)
  8 goblins
  14 hobgoblins
  7 jackals
  A quokka (D:5)
  4 ball pythons
  A frilled lizard (D:3)
  A goblin zombie (Ossuary)
  3 hobgoblin zombies (Ossuary)
  6 kobolds
  A kobold zombie (Ossuary)
  An orc zombie (Ossuary)
  4 rats
  10 tentacles
928 creatures vanquished.

Vanquished Creatures (others)
  A ghost moth (Spider:4)
  An orb spider (Spider:4)
  A merfolk (Shoals:4)
  2 meliai (Spider:4)
  A jumping spider (Spider:4)
  A redback (Spider:4)
  An orc wizard (D:9)
  31 fungi
  132 plants
  22 tentacles
193 creatures vanquished.

Grand Total: 1121 creatures vanquished

Notes
Turn   | Place    | Note
-------+----------+-------------------------------------------
     0 | D:1      | Kranky the Minotaur Fighter began the quest for the Orb.
     0 | D:1      | Reached XP level 1. HP: 19/19 MP: 0/0
   326 | D:1      | Reached XP level 2. HP: 27/27 MP: 1/1
   348 | D:1      | Found a faded altar of an unknown god.
   650 | D:2      | Found Kecruerchu's Magic Scroll Shop.
   699 | D:2      | Reached skill level 4 in Fighting
   744 | D:2      | Noticed Robin
   768 | D:2      | Reached XP level 3. HP: 23/33 MP: 2/2
  1182 | D:1      | Killed Robin
  1408 | D:2      | Found a glowing silver altar of Zin.
  1408 | D:2      | Found the +7 Kryia's mail coat {PotionHeal*2 rC+}
  1567 | D:3      | Noticed Grinder
  1579 | D:3      | Paralysed by Grinder for 4 turns
  1588 | D:3      | Killed Grinder
  1589 | D:3      | Reached skill level 5 in Fighting
  1589 | D:3      | Reached skill level 5 in Shields
  1589 | D:3      | Reached XP level 4. HP: 12/42 MP: 3/3
  1589 | D:3      | Reached XP level 5. HP: 14/48 MP: 4/4
  1938 | D:3      | Reached XP level 6. HP: 56/56 MP: 5/5
  2479 | D:3      | Found Elyirous's Antique Weapon Shoppe.
  3173 | D:4      | Found a sand-covered staircase.
  3181 | Ossuary  | Entered an ossuary
  3415 | Ossuary  | Reached XP level 7. HP: 56/62 MP: 6/6
  3603 | D:4      | Reached skill level 6 in Fighting
  3751 | D:4      | You fall into a shaft and drop 1 floor!
  3751 | D:5      | Entered Level 5 of the Dungeon
  4095 | D:2      | Bought a scroll of identify for 24 gold pieces
  4095 | D:2      | Bought a scroll of magic mapping for 42 gold pieces
  4098 | D:2      | Bought 2 scrolls of identify for 48 gold pieces
  4098 | D:2      | Bought a scroll of identify for 24 gold pieces
  4175 | D:5      | Reached skill level 7 in Fighting
  4287 | D:5      | Reached XP level 8. HP: 74/74 MP: 7/7
  4424 | D:5      | Reached skill level 8 in Fighting
  4621 | D:5      | Found a radiant altar of Vehumet.
  4621 | D:5      | Found a glowing silver altar of Zin.
  5449 | D:6      | Reached skill level 9 in Fighting
  5547 | D:6      | Noticed a hornet
  5552 | D:6      | Paralysed by a hornet for 1 turns
  5563 | D:6      | Killed a hornet
  5918 | D:6      | Noticed a troll
  5928 | D:6      | Killed a troll
  5929 | D:6      | Reached skill level 10 in Fighting
  6176 | D:6      | Reached XP level 9. HP: 81/86 MP: 8/8
  6521 | D:6      | Noticed Blork the orc
  6531 | D:6      | Killed Blork the orc
  6532 | D:6      | Reached skill level 1 in Evocations
  6683 | D:6      | Reached skill level 11 in Fighting
  6694 | D:6      | Reached skill level 1 in Short Blades
  7375 | D:7      | Found a staircase to the Ecumenical Temple.
  7399 | Temple   | Entered the Ecumenical Temple
  7767 | Temple   | Became a worshipper of Qazlal Stormbringer
  7933 | D:7      | Identified the +2 robe of Yrchyla {rF+ Int+3}
  8001 | D:7      | Noticed Dowan
  8001 | D:7      | Noticed Duvessa
  8015 | D:7      | Killed Duvessa
  8025 | D:7      | Killed Dowan
  8187 | D:7      | Noticed Pikel
  8217 | D:7      | Reached skill level 12 in Fighting
  8231 | D:7      | Killed Pikel
  8232 | D:7      | Reached XP level 10. HP: 70/97 MP: 9/9
  8609 | D:7      | Reached skill level 10 in Armour
  9105 | D:7      | Reached * piety under Qazlal
  9502 | D:8      | Found an iron altar of Okawaru.
  9507 | D:8      | Found a broken altar of Ashenzari.
  9516 | D:8      | Found a hazy altar of Hepliaklqana.
  9516 | D:8      | Found a bloodstained altar of Trog.
  9524 | D:8      | Found a white marble altar of Elyvilon.
 10178 | D:9      | Reached skill level 13 in Fighting
 10396 | D:9      | Noticed an ice statue
 10399 | D:9      | Noticed a manticore
 10399 | D:9      | Noticed a boulder beetle
 10400 | D:9      | Noticed a two-headed ogre
 10409 | D:9      | Noticed a two-headed ogre
 10412 | D:9      | Found a transporter.
 10430 | D:9      | Noticed a deep elf pyromancer
 10434 | D:9      | Found a transporter.
 10439 | D:9      | Noticed SpoonFarmer's ghost (novice DrCj)
 10441 | D:9      | Noticed an oklob plant
 10530 | D:9      | Reached skill level 5 in Evocations
 11042 | D:9      | Reached ** piety under Qazlal
 11360 | D:10     | Entered Level 10 of the Dungeon
 11496 | D:10     | Found a staircase to the Lair.
 11513 | D:10     | Noticed a two-headed ogre
 11521 | D:10     | Killed a two-headed ogre
 11921 | D:10     | Found an ancient bone altar of Kikubaaqudgha.
 11923 | D:10     | Found a shimmering altar of Xom.
 11925 | D:10     | Found an ornate altar of the Wu Jian Council.
 11925 | D:10     | Found a glowing golden altar of the Shining One.
 11926 | D:10     | Found an opulent altar of Gozag.
 11927 | D:10     | Found a shimmering blue altar of Sif Muna.
 12171 | D:10     | Reached XP level 11. HP: 91/107 MP: 10/10
 12401 | D:10     | Noticed Erolcha
 12562 | D:10     | Killed Erolcha
 13008 | D:10     | Reached skill level 1 in Throwing
 13384 | D:11     | Found a staircase to the Orcish Mines.
 13391 | D:11     | Noticed a two-headed ogre
 13403 | D:11     | Killed a two-headed ogre
 13404 | D:11     | Reached skill level 14 in Fighting
 14330 | Lair:1   | Entered Level 1 of the Lair of Beasts
 14872 | Lair:1   | Noticed an eight-headed hydra
 14880 | Lair:1   | Killed an eight-headed hydra
 15463 | Lair:1   | Reached skill level 15 in Fighting
 15860 | Lair:1   | Noticed Grum
 15880 | Lair:1   | Killed Grum
 16861 | Lair:2   | Noticed a five-headed hydra
 16873 | Lair:1   | Killed a five-headed hydra
 16874 | Lair:1   | Reached XP level 12. HP: 102/121 MP: 11/11
 16954 | Lair:2   | Noticed a six-headed hydra
 16975 | Lair:1   | Killed a six-headed hydra
 17907 | Lair:3   | Found a frozen archway.
 17979 | IceCv    | Entered an ice cave
 18000 | IceCv    | Reached skill level 1 in Invocations
 18207 | IceCv    | Reached skill level 16 in Fighting
 18209 | IceCv    | Reached *** piety under Qazlal
 18865 | IceCv    | Reached skill level 17 in Fighting
 19151 | IceCv    | Noticed a death yak
 19168 | IceCv    | Noticed a death yak
 19171 | IceCv    | Killed a death yak
 19206 | IceCv    | Killed a death yak
 19532 | IceCv    | Noticed a death yak
 19536 | IceCv    | Noticed a death yak
 19549 | IceCv    | Noticed a death yak
 19561 | IceCv    | Killed a death yak
 19577 | IceCv    | Killed a death yak
 19577 | IceCv    | Reached **** piety under Qazlal
 19578 | IceCv    | Reached skill level 18 in Fighting
 19605 | IceCv    | Killed a death yak
 19932 | IceCv    | Noticed a death yak
 19933 | IceCv    | Noticed an ironbound frostheart
 19934 | IceCv    | Noticed a death yak
 19936 | IceCv    | Noticed a death yak
 19948 | IceCv    | Killed a death yak
 19949 | IceCv    | Reached XP level 13. HP: 86/134 MP: 15/15
 19973 | IceCv    | Reached skill level 5 in Invocations
 20264 | IceCv    | Identified the +9 scimitar of the Imperium {vorpal, rElec
                  | rN+ Str+2 Dex-4}
 20608 | Lair:3   | Found an iron altar of Okawaru.
 20665 | Lair:3   | Reached skill level 19 in Fighting
 21007 | Lair:3   | Found a staircase to the Shoals.
 21169 | Lair:3   | Identified the +1 cloak of Love and Death {rElec}
 22087 | Lair:4   | Found a hole to the Spider Nest.
 22935 | Lair:5   | Reached skill level 20 in Fighting
 23021 | Lair:5   | Noticed Nessos
 23064 | Lair:5   | Killed Nessos
 24365 | Lair:6   | Entered Level 6 of the Lair of Beasts
 25004 | Lair:5   | Reached skill level 21 in Fighting
 25378 | Lair:5   | Reached ***** piety under Qazlal
 25810 | Lair:6   | Reached XP level 14. HP: 58/151 MP: 7/16
 26457 | Lair:6   | Reached skill level 22 in Fighting
 26657 | Lair:6   | Found a staircase to the Slime Pits.
 26884 | Lair:6   | Found a viscous altar of Jiyva.
 27361 | Lair:6   | Found a runed translucent door.
 27368 | Lair:6   | Noticed slowmoth's ghost (journeyman VSFi)
 27373 | Lair:6   | Identified the +10 spear "Ciwevemp" {antimagic, rElec
                  | Dex+4}
 27882 | Lair:6   | Reached skill level 15 in Armour
 27899 | Lair:6   | Got the Guide on Glacial Combat Magic
 28314 | Lair:5   | Killed slowmoth's ghost
 29486 | D:11     | Reached skill level 5 in Polearms
 30147 | D:13     | Noticed Josephine
 30154 | D:13     | Killed Josephine
 30564 | D:13     | Identified the +0 scale mail of Lehintov {Harm SInv Stlth-}
 31193 | D:14     | Reached XP level 15. HP: 113/162 MP: 5/19
 31347 | D:14     | Reached ****** piety under Qazlal
 31370 | D:14     | Noticed Frances
 31570 | D:14     | Killed Frances
 31963 | D:14     | Noticed Rupert
 31983 | D:14     | Killed Rupert
 32424 | D:14     | Found a gate to the Vaults.
 32751 | Orc:1    | Entered Level 1 of the Orcish Mines
 33009 | Orc:2    | Entered Level 2 of the Orcish Mines
 33053 | Orc:2    | Reached skill level 10 in Polearms
 33218 | Orc:1    | Noticed Nergalle
 33243 | Orc:2    | Killed Nergalle
 33661 | Orc:2    | Found a staircase to the Elven Halls.
 34660 | Orc:2    | Found Zynoekum's Assorted Antiques.
 34661 | Orc:2    | Found Coada's Antique Armour Boutique.
 34716 | Orc:2    | Found Huqen's Jewellery Emporium.
 34721 | Orc:2    | Found Pes Ott's Magic Scroll Boutique.
 34771 | Orc:2    | Bought a scroll of blinking for 105 gold pieces
 35045 | Orc:2    | Bought a ring of poison resistance for 240 gold pieces
 35045 | Orc:2    | Bought an amulet of regeneration for 360 gold pieces
 35081 | Orc:2    | Identified a scroll of acquirement
 35113 | Orc:2    | Acquired a +3 demon trident of venom
 35257 | Spider:1 | Entered Level 1 of the Spider Nest
 35907 | Spider:1 | Noticed Azrael
 35921 | Spider:1 | Killed Azrael
 36752 | Spider:2 | Reached XP level 16. HP: 150/170 MP: 0/21
 37312 | Spider:2 | Identified the +2 leather armour "Ziako" {rF- rCorr MP-9
                  | Int+8}
 37470 | Spider:3 | Noticed Mara
 37480 | Spider:2 | Noticed Kranky's illusion
 37692 | Spider:2 | Noticed Kranky's illusion
 37739 | Spider:1 | Killed Mara
 37834 | Spider:2 | Reached skill level 1 in Dodging
 38275 | Spider:3 | Reached skill level 23 in Fighting
 38939 | Spider:4 | Entered Level 4 of the Spider Nest
 39407 | Spider:3 | Reached skill level 5 in Dodging
 40128 | Spider:4 | Identified the +4 war axe "Soraz" {vorpal, rPois rC+ Dex+4}
 40591 | Spider:4 | Reached skill level 24 in Fighting
 40591 | Spider:4 | Reached XP level 17. HP: 161/182 MP: 7/22
 40667 | Spider:4 | Identified the ring "Fisiugic" {*Corrode +Blink rElec Will+
                  | Str-2}
 41291 | Spider:4 | Got a gossamer rune of Zot
 41435 | Shoals:1 | Entered Level 1 of the Shoals
 41633 | Shoals:1 | Identified Roxanne's Volume of Clay
 41633 | Shoals:1 | Noticed Roxanne
 41705 | Shoals:1 | Killed Roxanne
 41867 | Shoals:1 | Noticed Aizul
 41901 | Shoals:1 | Killed Aizul
 42268 | Shoals:1 | Noticed a kraken
 42297 | Shoals:1 | Killed a kraken
 42341 | Shoals:1 | Noticed a kraken
 42365 | Shoals:1 | Killed a kraken
 42488 | Shoals:1 | Noticed a kraken
 42503 | Shoals:1 | Killed a kraken
 43116 | Shoals:2 | Identified the +2 cloak of Parlour Games {Str+5 Dex+4}
 43203 | Shoals:2 | Found Laywod's Antique Armour Shoppe.
 43215 | Shoals:2 | Bought a pair of ichor-stained gloves for 313 gold pieces
 43215 | Shoals:2 | Identified the +0 pair of gloves of Lust {rPois rN+ Int+2
                  | Stlth+} (You bought it in a shop on level 2 of the Shoals)
 44073 | Shoals:3 | Found Uliom's Book Shop.
 44117 | Shoals:3 | Noticed a kraken
 44145 | Shoals:3 | Killed a kraken
 44318 | Shoals:3 | Reached skill level 25 in Fighting
 44608 | Shoals:4 | Entered Level 4 of the Shoals
 44637 | Shoals:3 | Reached skill level 10 in Dodging
 44684 | Shoals:4 | Reached skill level 10 in Invocations
 44947 | Shoals:4 | Killed from afar by a merfolk aquamancer

Illustrated notes

Levels and vault maps discovered:
D:1:      elethiomel_arrival_quiet, layout_rooms, ebering_ecumenical_altar_hall,
          serial_rivers, chequers_serial_rivers_micro_a,
          chequers_serial_rivers_micro_a, chequers_serial_rivers_micro_e,
          chequers_serial_rivers_room_a, dk_noncrumbling_4, serial_bayou_lake_a
D:2:      layout_rooms, serial_shops, shop, basic_altar, uniq_robin
D:3:      layout_loops_corners, serial_shops, nicolae_diamond_shop, uniq_grinder
D:4:      layout_basic, nicolae_ossuary_entry_plus
D:5:      layout_loops_ring, gammafunk_temple_overflow_wave
D:6:      layout_cave_pods, serial_co_window_serial, co_window_paths_a,
          co_window_corner_a, co_window_corner_a, co_window_corner_a,
          co_window_paths_a, co_window_2corner, co_window_of_opportunity_c,
          co_window_corner_b, co_window_2corner, co_window_2corner,
          co_window_4corner_b, minmay_manual_mess, uniq_blork_the_orc
D:7:      layout_loops_corners, minmay_temple_entry_sparse_star, st_stairs_10,
          uniq_pikel, uniq_duvessa
D:8:      layout_cave_pools, nicolae_overflow_hallway_of_the_gods
D:9:      layout_basic, nzn_ghost_randoct
D:10:     layout_loops_corners, grunt_temple_overflow_open, lair_entry_dummy,
          uniq_erolcha
D:11:     layout_basic, david_orc_3
D:12:     layout_cross
D:13:     layout_small_grid, uniq_josephine
D:14:     layout_loops_ring, david_vaults_1, serial_park_square2, uniq_frances,
          uniq_rupert
Temple:   compressed_dpeg_triangle_lava_temple
Lair:1:   layout_chaotic_city, uniq_grum
Lair:2:   layout_regular_city
Lair:3:   layout_loops_ring, minmay_shoals_entry_beasts, basic_altar,
          portal_ice_cave_entry_imps
Lair:4:   layout_regular_city, spider_nest_entry_rubble,
          infiniplex_staircase_pool, lemuel_fruit_tree
Lair:5:   layout_loops_ring, serial_bayou_shore_a, uniq_nessos
Lair:6:   evilmike_catoblepas_cave, layout_loops_ring, slime_altar_1,
          ebering_ghost_funeral_grove, grunt_forest_large_clearings,
          lemuel_fruit_fields
Shoals:1: nicolae_shoals_lighthouse, layout_shoals, uniq_aizul, uniq_roxanne
Shoals:2: layout_shoals, serial_shops, shop_fountains
Shoals:3: layout_shoals, serial_shops, shop,
          nicolae_shoals_lost_giant_amphitheater,
          nicolae_shoals_beach_house_on_fowls_legs
Shoals:4: shoals_end_grunt_garden, layout_shoals, serial_shops,
          nicolae_shop_advertising_works [nicolae_subvault_shop_adworks]
Spider:1: layout_chambers, uniq_azrael
Spider:2: layout_spider_delve
Spider:3: layout_cave_pods, hangedman_spider_tarantella_strand, uniq_mara
Spider:4: guppyfry_spider_rune, nicolae_orb_stairs
Orc:1:    layout_diamond_mine, uniq_nergalle
Orc:2:    st_orc_open, layout_caves, basic_altar, lemuel_statue_altar

Skill      XL: |  1  2  3  4  5  6  7  8  9 10 11 12 13 14 15 16 17 |
---------------+----------------------------------------------------+-----
Shields        | 4 5 6 8 |  8.0
Fighting       | 4 5 7 10 12 13 15 18 21 22 24 25 | 25.4
Armour         | 4 6 7 8 9 12 14 15 17 19 | 19.2
Evocations     | 3 5 6 |  6.0
Short Blades   | 1 |  1.3
Throwing       | 2 3 |  3.5
Invocations    | 4 5 7 9 10 | 10.0
Polearms       | 8 12 | 12.0
Dodging        | 6 10 | 10.0

Action                   |  1- 3 |  4- 6 |  7- 9 | 10-12 | 13-15 | 16-18 || total
-------------------------+-------+-------+-------+-------+-------+-------++-------
Melee: Trident           |   119 |    17 |       |       |       |       ||   136
       Headbutt          |    19 |    12 |    81 |   257 |   327 |   348 ||  1044
       Hand axe          |       |    77 |   156 |    26 |       |       ||   259
       Dagger            |       |       |   203 |   217 |    17 |       ||   437
       Short sword       |       |       |       |   607 |       |       ||   607
       Flail             |       |       |       |    63 |       |       ||    63
       Scimitar          |       |       |       |       |   342 |       ||   342
       Spear             |       |       |       |       |   907 |  1684 ||  2591
Throw: Dart              |       |       |       |    12 |     2 |     3 ||    17
Evoke: Wand              |       |       |       |     8 |       |     1 ||     9
       Condenser vane    |       |       |       |     1 |       |       ||     1
  Use: Scroll            |       |       |     6 |     1 |    18 |     1 ||    26
       Potion            |       |       |     2 |     8 |     6 |     3 ||    19
 Stab: Confused          |       |       |       |       |     6 |       ||     6
       Petrified         |       |       |       |       |     3 |       ||     3
Armor: Scale mail        |    36 |    53 |   192 |   450 |   625 |   579 ||  1935
Dodge: Dodged            |    34 |    36 |   144 |   371 |   450 |   556 ||  1591
       Repelled          |       |       |       |       |     6 |     6 ||    12
Block: Buckler           |    17 |    14 |    97 |   373 |   808 |   219 ||  1528
       Kite shield       |       |       |       |       |       |  1104 ||  1104
